 Dungeon Crawl Stone Soup version 0.29-a0-824-gd827844252 (webtiles) character file.

Game seed: 5003504727147550063

706 Tboneapple the Covered (level 7, -6/61 HPs)
             Began as a Minotaur Fighter on July 8, 2022.
             Was a Priest of Nemelex Xobeh.
             Mangled by a mummy (14 damage)
             ... in an ossuary on July 9, 2022.
             The game lasted 00:50:18 (4399 turns).

Tboneapple the Covered (Minotaur Fighter)           Turns: 4399, Time: 00:50:21

Health: -6/61      AC: 10    Str: 22    XL:     7   Next: 39%
Magic:  6/6        EV:  9    Int:  5    God:    Nemelex Xobeh [***...]
Gold:   118        SH:  4    Dex: 10    Spells: 6/6 levels left

rFire   . . .      SeeInvis .   w - +1 war axe (flame)
rCold   . . .      Faith    .   c - +0 buckler
rNeg    . . .      Spirit   .   f - +0 scale mail
rPois   .          Reflect  .   (helmet restricted)
rElec   .          Harm     .   (no cloak)
rCorr   +          Rampage  .   d - +0 pair of gloves
Will    .....                   j - +0 pair of boots
Stlth   ..........              (no amulet)
HPRegen 0.20/turn               s - ring of resist corrosion
MPRegen 0.10/turn               (no ring)

@: about to teleport
A: horns 2, retaliatory headbutt
a: Renounce Religion, Draw Escape, Draw Destruction, Draw Summoning, Triple Draw


You were in an ossuary.
You worshipped Nemelex Xobeh.
Nemelex Xobeh was most pleased with you.
You visited 1 branch of the dungeon, and saw 6 of its levels.
You also visited: Ossuary.

You collected 313 gold pieces.
You spent 195 gold pieces at shops.

Inventory:

Hand Weapons
 a - a +0 war axe
 e - a +2 dagger of draining
 q - a +0 glaive
 w - a +1 war axe of flaming (weapon)
Missiles
 i - 3 javelins
 k - 2 atropa-tipped darts (quivered)
 l - 8 poisoned darts
Armour
 b - a +0 scale mail
 c - a +0 buckler (worn)
 d - a +0 pair of gloves (worn)
 f - a +0 scale mail (worn)
 j - a +0 pair of boots (worn)
Jewellery
 s - a ring of resist corrosion (left hand)
 y - a ring of magical power
Scrolls
 h - 2 scrolls of noise
 o - 2 scrolls of poison
 p - a scroll of teleportation
 x - a scroll of identify
Potions
 g - 2 potions of might
 m - 4 potions of attraction
 n - 2 potions of heal wounds {unknown}
 t - a potion of ambrosia
 u - 2 potions of haste {unknown}
 v - a potion of curing


   Skills:
 + Level 5.4 Fighting
 + Level 5.9 Axes
 * Level 2.6 Throwing
 + Level 6.1 Armour
 + Level 0.7 Dodging
 + Level 0.2 Stealth
 + Level 4.7 Shields


You had 6 spell levels left.
You didn't know any spells.
Your spell library contained the following spells:

 Spells                   Type           Power      Damage    Failure   Level
 Apportation              Tloc           0%         N/A       86%         1
 Necrotise                Necr           0%         1d4       86%         1
 Summon Small Mammal      Summ           0%         N/A       86%         1
 Frozen Ramparts          Ice            0%         1d2       99%         3
 Ice Form                 Ice/Tmut       0%         N/A       100%        4
 Summon Ice Beast         Ice/Summ       0%         N/A       100%        4


Dungeon Overview and Level Annotations

Branches:
Dungeon (6/15)            Ossuary (1/1)
 Temple: D:4-7

Altars:
Fedhas
Gozag
Nemelex Xobeh
The Shining One

Shops:
D:3 ((*[


Innate Abilities, Weirdness & Mutations

You have a pair of horns on your head.
You reflexively headbutt those who attack you in melee.


Message History

You destroy the hobgoblin zombie!
You block the mummy's attack.
You barely miss the mummy. You headbutt the mummy.
The mummy is moderately damaged.
You hit the mummy. You burn the mummy. You completely miss the mummy.
You block the mummy's attack. The mummy hits you but does no damage.
The mummy hits you!
You hit the mummy but do no damage.
The mummy is lightly damaged.
You barely miss the mummy. You hit the mummy. You burn the mummy.
You hit the mummy. You burn the mummy. You barely miss the mummy.
The mummy is lightly damaged.
You hit the mummy. You burn the mummy. You barely miss the mummy.
You hit the mummy but do no damage. The mummy hits you. The mummy hits you!
The mummy completely misses you. The mummy barely misses you.
You hit the mummy. You burn the mummy. Your headbutt misses the mummy.
The mummy is severely damaged.
You hit the mummy. You burn the mummy. You hit the mummy but do no damage.
You barely miss the mummy. The mummy hits you but does no damage.
You block the mummy's attack. The mummy hits you! The mummy hits you.
You barely miss the mummy.
The mummy is severely damaged.
You slash the mummy! You burn the mummy. You barely miss the mummy.
You hit the mummy. You burn the mummy. The mummy hits you.
The mummy hits you but does no damage. The mummy hits you!
* * * LOW HITPOINT WARNING * * *
The mummy hits you!
* * * LOW HITPOINT WARNING * * *
Cleave: w) +1 war axe (flame)
Press: ? - help, Dir - move target, f - mummy
Aim: a mummy (lightly damaged, about 26% to evade your +1 war axe of flaming)
Okay, then.
You draw a card...
You have drawn the Elixir.
You begin rapidly regenerating health and magic.
As you read the scroll of teleportation, it crumbles to dust.
You feel strangely unstable. The mummy hits you but does no damage.
The mummy hits you!
You die...
Your body glows slightly and disappears.

...........
.........
........
......
#....#
#....#
#MMM.#
#.@M.#
#....#
#....#
#....#
#....#
#.∩∩.#
######


You could see 4 mummies.

Vanquished Creatures
  A black bear (D:5)
  A phantom (D:5)
  5 scorpions
  2 jellies (D:5)
  2 iguanas (D:4)
  3 gnolls (D:3)
  2 adders
  An ufetubus (D:4)
  2 worms
  5 dart slugs
  6 orcs
  9 endoplasms
  4 giant cockroaches
  3 gnoll zombies (Ossuary)
  6 goblins
  6 hobgoblins
  3 jackals (D:2)
  4 kobolds
  4 quokkas
  8 ball pythons
  2 bats (D:2)
  2 frilled lizards (D:1)
  2 hobgoblin zombies (Ossuary)
  2 kobold zombies (Ossuary)
  An orc zombie (Ossuary)
  2 rats
88 creatures vanquished.

Vanquished Creatures (others)
  2 fungi (D:1)
  4 plants (D:1)
6 creatures vanquished.

Grand Total: 94 creatures vanquished

Notes
Turn   | Place    | Note
-------+----------+-------------------------------------------
     0 | D:1      | Tboneapple the Minotaur Fighter began the quest for the
                  | Orb.
     0 | D:1      | Reached XP level 1. HP: 19/19 MP: 0/0
   262 | D:1      | Found a faded altar of an unknown god.
   277 | D:1      | Prayed at the altar of an unknown god.
   277 | D:1      | Became a worshipper of Nemelex Xobeh the Trickster
   277 | D:1      | Reached * piety under Nemelex Xobeh
   326 | D:1      | Reached XP level 2. HP: 27/27 MP: 1/1
   740 | D:1      | Received a gift from Nemelex Xobeh
   921 | D:2      | Reached skill level 4 in Armour
   921 | D:2      | Reached XP level 3. HP: 27/33 MP: 2/2
  1215 | D:2      | Gained mutation: You are frail. (-10% HP) [potion of
                  | mutation]
  1215 | D:2      | Lost mutation: You are frail. (-10% HP) [potion of
                  | mutation]
  1541 | D:2      | Upgraded the game from 0.29-a0-823-gc37b1572da to
                  | 0.29-a0-824-gd827844252
  1597 | D:3      | Found Ehaeliy's Antique Weapon Shop.
  1729 | D:3      | Reached ** piety under Nemelex Xobeh
  1769 | D:3      | Reached XP level 4. HP: 28/40 MP: 3/3
  1834 | D:3      | Found an opulent altar of Gozag.
  1837 | D:3      | Found Oxzuugre's Weapon Boutique.
  2222 | D:3      | Found Kaeg's Assorted Antiques.
  2258 | D:3      | Found Tygh's Antique Armour Emporium.
  2665 | D:4      | Reached XP level 5. HP: 35/47 MP: 4/4
  2668 | D:4      | Found a blossoming altar of Fedhas.
  2712 | D:4      | Reached skill level 1 in Throwing
  2712 | D:4      | Reached skill level 5 in Armour
  2959 | D:4      | Found a glowing golden altar of the Shining One.
  3080 | D:4      | Received a gift from Nemelex Xobeh
  3459 | D:3      | Bought a runed war axe for 195 gold pieces
  3779 | D:5      | Entered Level 5 of the Dungeon
  3791 | D:5      | Reached XP level 6. HP: 52/53 MP: 5/5
  3878 | D:5      | Reached skill level 5 in Fighting
  3878 | D:5      | Reached skill level 5 in Axes
  3907 | D:5      | Reached *** piety under Nemelex Xobeh
  4008 | D:5      | Reached XP level 7. HP: 59/61 MP: 6/6
  4360 | D:6      | Found a sand-covered staircase.
  4365 | D:6      | Reached skill level 6 in Armour
  4379 | Ossuary  | Entered an ossuary
  4397 | Ossuary  | HP: 1/61 [mummy (8)]
  4399 | Ossuary  | Mangled by a mummy

Illustrated notes

Levels and vault maps discovered:
D:1:      dpeg_arrival_rooms_a, layout_basic, shapermc_ecumenical_altar_petra,
          minmay_tromino_i2
D:2:      layout_loops_ring, grunt_ministairs_15
D:3:      cheibrodos_helix_gallery, layout_basic, nicolae_gozag_seed_capital,
          serial_shops, shop, shop_statue, shop, shop, serial_bayou_crossing
D:4:      layout_basic, tso_metal_star, nicolae_ru_the_path_less_chosen,
          overflow_temple_1_default
D:5:      minmay_diamond_boxcup, layout_loops_ring, uniq_edmund
D:6:      layout_basic, nicolae_ossuary_entry_monument, uniq_grinder,
          uniq_duvessa, uniq_sigmund
Ossuary:  ossuary_tomb_3

Skill      XL: |  1  2  3  4  5  6  7 |
---------------+----------------------+-----
Shields        | 4 |  4.7
Fighting       | 4 5 |  5.4
Armour         | 4 5 6 |  6.1
Axes           | 3 4 5 |  5.9
Throwing       | 1 2 |  2.6
Dodging        | |  0.7
Stealth        | |  0.2

Action                   |  1- 3 |  4- 6 |  7- 9 || total
-------------------------+-------+-------+-------++-------
Melee: War axe           |    79 |    68 |    20 ||   167
       Headbutt          |    12 |    15 |     3 ||    30
       Dagger            |    10 |       |       ||    10
Invok: Draw Destruction  |     3 |     2 |       ||     5
       Draw Escape       |       |       |     1 ||     1
Evoke: Wand              |       |     1 |     3 ||     4
  Use: Potion            |     6 |     2 |       ||     8
       Scroll            |     3 |     2 |     1 ||     6
Armor: Scale mail        |    47 |    46 |    11 ||   104
Dodge: Dodged            |    39 |    34 |    11 ||    84
Block: Buckler           |    22 |    19 |     4 ||    45

Table legend: (Time is in decaauts)
 A = Elapsed time spent in this place.
 B = Non-inter-level travel time spent in this place.
 C = Inter-level travel time spent in this place.
 D = Time resting spent in this place.
 E = Time spent auto-exploring this place.
 F = Levels seen in this place.
 G = Mean time per level.
                   A        B        C        D        E       F      G
               +--------+--------+--------+--------+--------+-----+--------+
         Total |   4461 |   4461 |      0 |      0 |      0 |   7 |  637.3 |
       Dungeon |   4439 |   4439 |      0 |      0 |      0 |   6 |  739.8 |
       Ossuary |     21 |     21 |      0 |      0 |      0 |   1 |   21.0 |
               +--------+--------+--------+--------+--------+-----+--------+

Top non-repeatable levels by time:
     D:3: 1370 daAuts
     D:4: 835 daAuts
     D:2: 816 daAuts
     D:1: 809 daAuts
     D:5: 586 daAuts
 Ossuary: 21 daAuts
     D:6: 21 daAuts
